 Dungeon Crawl Stone Soup version 0.19.4 (webtiles) character file.

3536 Ducks4Ever the Skirmisher (level 9, -5/72 HPs)
             Began as a Demonspawn Gladiator on Feb 6, 2017.
             Was a Follower of Makhleb.
             Killed from afar by Grum (7 damage)
             ... with a wand of flame
             ... on level 8 of the Dungeon.
             The game lasted 00:39:09 (8705 turns).

Ducks4Ever the Skirmisher (Demonspawn Gladiator)    Turns: 8705, Time: 00:39:10

Health: -5/72      AC:  4    Str: 18    XL:     9   Next: 82%
Magic:  9/9        EV: 15    Int: 10    God:    Makhleb [*.....]
Gold:   282        SH:  0    Dex: 14    Spells: 0 memorised, 8 levels left

rFire  . . .     SeeInvis .     a - +1 quarterstaff
rCold  + + .     Gourm    .     i - +0 ring mail
rNeg   . . .     Faith    +     (shield currently unavailable)
rPois  .         Spirit   .     (helmet unavailable)
rElec  .         Reflect  .     (no cloak)
rCorr  .         Harm     .     (no gloves)
MR     .....     Clarity  +     (no boots)
Stlth  +.........               v - amulet of faith
                                g - ring of protection from cold
                                l - ring of ice

@: very slightly contaminated
A: horns 3, talons 1, yellow scales 1, clarity, deformed body, fire resistance 1
a: Renounce Religion


You were on level 8 of the Dungeon.
You worshipped Makhleb.
Makhleb was aware of your devotion.
You were not hungry.

You visited 1 branch of the dungeon, and saw 8 of its levels.

You collected 455 gold pieces.
You spent 173 gold pieces at shops.

Inventory:

Hand Weapons
 a - a +1 quarterstaff (weapon)
 u - a +2 short sword of draining (quivered)
Armour
 b - a +0 leather armour
 i - a +0 ring mail (worn)
 j - a +3 scale mail
Rods
 s - a -1 rod of inaccuracy (10/10)
   (You found it on level 7 of the Dungeon)
Jewellery
 g - a ring of protection from cold (right hand)
 l - a ring of ice (left hand)
 v - an amulet of faith (around neck)
 z - an uncursed ring of wizardry
 C - an uncursed ring of protection from cold
 E - a +4 ring of intelligence
Wands
 G - a wand of random effects (30/48)
Scrolls
 e - 2 scrolls of recharging
 o - 9 scrolls of remove curse
 y - a scroll of immolation
 A - 2 scrolls of amnesia
Potions
 q - a potion of cancellation
 w - 5 potions of brilliance
 B - 2 potions of flight
Comestibles
 c - a slice of pizza
 f - 11 bread rations
 h - 14 fruits
 k - 2 beef jerkies
 D - 4 meat rations


   Skills:
 + Level 7.2 Fighting
 + Level 7.1 Staves
 + Level 6.6 Throwing
 + Level 7.0 Dodging


You had 8 spell levels left.
You didn't know any spells.

Dungeon Overview and Level Annotations

Branches:
Dungeon (8/15)             Temple (0/1) D:4
   Lair: D:8-11

Altars:
Makhleb

Shops:
D:4 *?*!%

Annotations:
D:8 Grum, Maurice


Innate Abilities, Weirdness & Mutations

You have a pair of large horns on your head.
You are partially covered in yellow scales. (AC +2)
Your flesh is heat resistant. (rF+)
You have sharp toenails.
You possess an exceptional clarity of mind.
Armour fits poorly on your strangely shaped body.


Message History

Grum zaps a wand.
The puff of flame misses you.
You hit Grum but do no damage. You claw Grum, but do no damage.
You headbutt Grum!
Grum is moderately wounded.
Grum hits you with a spear!
* * * LOW HITPOINT WARNING * * *
You closely miss Grum. You headbutt Grum!
Grum is heavily wounded.
Grum hits you with a spear!
* * * LOW HITPOINT WARNING * * *
Your magical contamination has completely faded away.
Okay, then.
Blink to where?
Press: ? - help, Dir - move target cursor You are very lightly contaminated with residual magic.
As you read the scroll of blinking, it crumbles to dust.
Grum snarls.
There is an open door here.
Grum zaps a wand.
The puff of flame hits you!
You die...

......(.#.......''......########.
........#.......##......# #)
........#.............#.# #.
........#.......g#....#.# #.
*****#%##........#.####.# #.
#g##...............# #.
#†#######'#...############## #§#
#..............Kp... #.#
###@#.############## #.# #.###
#.# #.# #.# #.# #.# #.# #.# #.#
#.# #.# #.#########.#
#...........#


You could see Grum.

Vanquished Creatures
  Pikel (D:8)
  Grinder (D:5)
  Prince Ribbit (D:5)
  A spriggan (D:8)
  Sigmund (D:5)
  Menkaure (D:5)
  2 ice beasts
  A black bear (D:7)
  A phantom (D:8)
  2 centaurs
  4 wolves (D:8)
  Blork the orc (D:5)
  4 bullfrogs
  A water moccasin zombie (D:6)
  A scorpion (D:4)
  2 crimson imps
  4 hounds
  2 jellies
  4 orc priests
  2 bullfrog skeletons
  A centaur skeleton (D:4)
  Ijyb (D:3)
  3 orc wizards
  5 worker ants
  A hound skeleton (D:6)
  16 adders
  2 howler monkey skeletons
  A worm (D:4)
  3 dart slugs
  4 leopard geckos
  19 orcs
  A ball python (D:5)
  3 giant cockroaches
  7 goblins
  3 hobgoblins
  12 jackals
  11 kobolds
  2 quokkas
  6 bats
  5 frilled lizards
  2 jackal skeletons (D:4)
  A leopard gecko zombie (D:6)
  A quokka zombie (D:6)
  8 rats
155 creatures vanquished.

Vanquished Creatures (others)
  A worker ant zombie (D:8)
1 creature vanquished.

Grand Total: 156 creatures vanquished

Notes
Turn   | Place    | Note
-------+----------+-------------------------------------------
     0 | D:1      | Ducks4Ever the Demonspawn Gladiator began the quest for the Orb.
     0 | D:1      | Reached XP level 1. HP: 16/16 MP: 1/1
    64 | D:1      | Gained mutation: Your flesh is heat resistant. (rF+) [demonic ancestry]
    64 | D:1      | Reached XP level 2. HP: 15/22 MP: 2/2
   639 | D:2      | Gained mutation: You have a pair of small horns on your head. [demonic ancestry]
   639 | D:2      | Reached XP level 3. HP: 28/28 MP: 3/3
  1054 | D:2      | Reached XP level 4. HP: 30/34 MP: 4/4
  1536 | D:3      | Noticed Ijyb
  1555 | D:3      | Gained mutation: You have sharp toenails. [potion of beneficial mutation]
  1577 | D:3      | Killed Ijyb
  1837 | D:3      | Reached XP level 5. HP: 38/40 MP: 5/5
  2232 | D:4      | Found Eroyriph's Distillery.
  2234 | D:4      | Found Wuedacyry's Food Shoppe.
  2234 | D:4      | Found Sez Wiecs's Magic Scroll Shoppe.
  2241 | D:4      | Found Miclef's General Store.
  2574 | D:4      | Gained mutation: You are partially covered in yellow scales. (AC +2) [demonic ancestry]
  2574 | D:4      | Reached XP level 6. HP: 31/47 MP: 6/6
  2683 | D:4      | Found a staircase to the Ecumenical Temple.
  3092 | D:4      | Bought a potion of heal wounds for 50 gold pieces
  3092 | D:4      | Bought a potion of curing for 30 gold pieces
  3098 | D:4      | Bought a scroll of fear for 38 gold pieces
  3098 | D:4      | Bought a potion of heal wounds for 55 gold pieces
  3245 | D:4      | Found Eiqikycw's Eclectic Emporium.
  3341 | D:4      | Found a burning altar of Makhleb.
  3347 | D:4      | Became a worshipper of Makhleb the Destroyer
  3488 | D:4      | Gained mutation: You have a pair of horns on your head. [demonic ancestry]
  3488 | D:4      | Reached XP level 7. HP: 52/54 MP: 7/7
  3537 | D:5      | Entered Level 5 of the Dungeon
  3624 | D:5      | Noticed Prince Ribbit
  3635 | D:5      | Killed Prince Ribbit
  3695 | D:5      | Noticed Grinder
  3740 | D:5      | Paralysed by Grinder for 3 turns
  4469 | D:6      | Reached skill level 5 in Staves
  4474 | D:6      | Reached skill level 5 in Dodging
  4474 | D:6      | Gained mutation: You have a pair of large horns on your head. [demonic ancestry]
  4474 | D:6      | Reached XP level 8. HP: 54/61 MP: 8/8
  4548 | D:6      | Reached skill level 5 in Fighting
  5406 | D:8      | Reached * piety under Makhleb
  5464 | D:8      | Reached skill level 5 in Throwing
  5549 | D:8      | Noticed Grum
  5851 | D:8      | Noticed Maurice
  5977 | D:5      | Noticed Blork the orc
  6010 | D:5      | Killed Blork the orc
  6027 | D:5      | Noticed Sigmund
  6037 | D:5      | Killed Sigmund
  6168 | D:5      | Gained mutation: Armour fits poorly on your strangely shaped body. [potion of mutation]
  6168 | D:5      | Gained mutation: You possess an exceptional clarity of mind. [potion of mutation]
  6168 | D:5      | Paralysed by Grinder for 4 turns
  6180 | D:5      | Paralysed by Grinder for 6 turns
  6429 | D:5      | Paralysed by Grinder for 2 turns
  6449 | D:5      | Killed Grinder
  6449 | D:5      | Reached XP level 9. HP: 50/69 MP: 9/9
  6744 | D:5      | Noticed Menkaure
  6747 | D:5      | Killed Menkaure
  7980 | D:8      | Noticed Pikel
  8506 | D:8      | Killed Pikel
  8697 | D:8      | HP: 1/72 [Grum/spear (8)]
  8705 | D:8      | Killed from afar by Grum

Skill      XL: |  1  2  3  4  5  6  7  8  9 |
---------------+----------------------------+-----
Throwing       | 2 3 4 5 6 |  6.6
Staves         | 3 4 5 6 7 |  7.1
Dodging        | 3 4 5 6 7 |  7.0
Fighting       | 3 4 6 7 |  7.2

Action                   |  1- 3 |  4- 6 |  7- 9 || total
-------------------------+-------+-------+-------++-------
Melee: Quarterstaff      |   109 |   218 |   292 ||   619
       Headbutt          |     8 |    34 |    62 ||   104
       Kick              |       |    49 |    78 ||   127
Throw: Throwing net      |       |     4 |     3 ||     7
  Use: Scroll            |     6 |     5 |     9 ||    20
       Potion            |       |    12 |    19 ||    31
 Stab: Held in net/web   |       |     3 |       ||     3
       Invisible         |       |       |     2 ||     2
  Eat: Chunk             |     1 |     8 |     9 ||    18
       Bread ration      |       |       |     2 ||     2
Armor: Leather armour    |     8 |       |       ||     8
       Ring mail         |    37 |    91 |    61 ||   189
       Skin              |       |     3 |    84 ||    87
Dodge: Dodged            |    77 |   142 |   180 ||   399
